Map: Ice and Chrome LE

Players

Reynor - Winner!

  • Race: Zerg Zerg
  • Spawn Location: 1:00

SuperNova

  • Race: Terran Terran
  • League: Master
  • Spawn Location: 7:00

Event: War Chest Team League

VOD

Have the link to the VOD?

Description

Time

  • Played on: July 31, 2020, 10:50 a.m.
  • Length: 22:26
Show
View Real Time Build Order
Export as new Build Order

Reynor Zerg - Winner!

Build Orders: Pool First 

Get SALT Encoding   

  12  0:00  Drone  
  13  0:12  Overlord  
  13  0:17  Drone  
  14  0:30  Drone x2  
  16  0:40  Spawning Pool  
  15  0:44  Drone  
  15  0:47  Drone  
  17  1:09  Hatchery  
  16  1:11  Drone  
  16  1:14  Extractor  
  16  1:27  Zergling x4  
  16  1:28  Zergling x2  
  19  1:35  Roach Warren  
  18  1:44  Queen  
  20  1:49  Drone  
  21  1:58  Overlord  
  21  2:12  Drone  
  23  2:16  Metabolic Boost  
  23  2:17  Drone  
  23  2:20  Queen  
  23  2:21  Drone  
  27  2:26  Drone  
  28  2:32  Drone x2  
  30  2:40  Queen  
  32  2:47  Overlord  
  32  2:50  Drone  
  33  2:53  Drone  
  33  2:55  Drone  
  33  2:57  Drone  
  36  3:03  Pneumatized Carapace  
  36  3:06  Drone  
  36  3:07  Drone  
  38  3:20  Drone  
  38  3:23  Hatchery  
  38  3:25  Drone  
  38  3:26  Drone  
  40  3:32  Drone x2  
  42  3:34  Overlord  
  42  3:39  Queen  
  44  3:44  Overlord  
  44  3:53  Overlord  
  44  3:55  Drone x4  
  48  4:00  Drone, Baneling Nest  
  48  4:06  Zergling x6  
  48  4:07  Zergling x2  
  52  4:11  Overlord  
  52  4:14  Drone x2  
  52  4:15  Extractor  
  53  4:19  Queen  
  53  4:24  Zergling x4  
  57  4:33  Zergling x2  
  57  4:34  Zergling x6  
  57  4:37  Zergling x4  
  63  4:38  Queen  
  63  4:43  Zergling x2  
  63  4:45  Baneling x4  
  66  4:46  Zergling x2  
  66  4:52  Queen  
  69  4:55  Zergling x2  
  69  4:56  Zergling x6  
  72  5:06  Zergling x10  
  61  5:08  Zergling x4  
  58  5:16  Drone x4  
  58  5:17  Drone  
  62  5:22  Zergling x4  
  62  5:25  Zergling x2  
  62  5:28  Lair  
  62  5:29  Queen  
  62  5:32  Drone x2  
  65  5:38  Drone  
  65  5:41  Zergling x2  
  60  5:44  Queen, Baneling x4  
  60  5:45  Drone x2  
  60  5:47  Drone  
  60  5:49  Drone x2  
  67  5:52  Drone  
  67  5:54  Drone  
  69  5:58  Drone  
  69  5:59  Drone x2  
  69  6:00  Drone  
  69  6:02  Overlord  
  73  6:05  Extractor  
  73  6:06  Zergling x4  
  73  6:10  Overlord  
  74  6:16  Overlord  
  73  6:27  Drone  
  73  6:31  Queen, Evolution Chamber, Drone x2  
  73  6:32  Evolution Chamber  
  76  6:33  Zergling x8  
  76  6:34  Zergling x2  
  76  6:36  Centrifical Hooks  
  81  6:41  Hatchery, Drone x3  
  81  6:46  Drone  
  84  6:47  Zergling x6  
  84  6:48  Zergling x4  
  89  6:55  Overlord  
  89  6:58  Zerg Melee Weapons Level 1, Zerg Ground Armor Level 1  
  89  7:01  Drone  
  89  7:04  Overlord  
  89  7:08  Overlord  
  89  7:14  Drone x6  
  95  7:16  Drone, Baneling x2  
  95  7:19  Zergling x2  
  97  7:25  Drone x3  
  97  7:26  Baneling x3  
  97  7:27  Zergling x6  
  103  7:30  Overlord  
  103  7:32  Hatchery  
  102  7:41  Zergling x6  
  102  7:43  Drone x3  
  106  7:53  Zergling x16  
  106  7:55  Zergling x2  
  106  7:56  Queen  
  114  8:03  Zergling x4  
  114  8:05  Zergling x4  
  114  8:09  Baneling x14  
  114  8:13  Drone x2  
  114  8:16  Baneling x2  
  114  8:17  Zergling x16  
  124  8:20  Overlord x2  
  124  8:24  Drone x2  
  124  8:25  Infestation Pit  
  124  8:27  Hatchery, Drone  
  124  8:28  Drone  
  124  8:32  Baneling x2  
  124  8:33  Baneling x2  
  124  8:34  Zergling x2  
  127  8:38  Overlord  
  127  8:45  Zergling x24  
  127  8:46  Zergling x2  
  135  8:50  Zergling x2  
  135  8:53  Zergling x4  
  125  9:00  Zerg Ground Armor Level 2, Zerg Melee Weapons Level 2  
  125  9:01  Drone  
  125  9:02  Drone x5  
  127  9:06  Extractor  
  127  9:07  Zergling x6  
  129  9:10  Zergling x2  
  129  9:12  Hive  
  129  9:16  Zergling x6  
  132  9:18  Drone  
  132  9:21  Zergling x2  
  132  9:23  Baneling x6  
  132  9:24  Zergling x2  
  135  9:25  Zergling x2  
  135  9:28  Zergling x4  
  135  9:31  Drone x4, Extractor  
  141  9:33  Zergling x4  
  141  9:34  Zergling x8  
  141  9:35  Baneling  
  141  9:36  Zergling x4, Baneling x3  
  141  9:37  Zergling x2  
  141  9:38  Overlord x3  
  150  9:42  Hatchery  
  150  9:44  Zergling x12  
  155  9:45  Baneling x4  
  155  9:47  Zergling x2  
  146  9:54  Zergling x2  
  146  9:55  Zergling x6  
  146  9:57  Zergling x2  
  132  10:00  Zergling x8  
  132  10:01  Zergling x8  
  132  10:02  Baneling x7  
  132  10:05  Drone x5  
  143  10:09  Drone x4  
  143  10:12  Baneling x5, Extractor  
  143  10:13  Zergling x10  
  137  10:23  Zergling x10  
  137  10:25  Zergling x2  
  137  10:27  Zergling x2  
  134  10:29  Zergling x2  
  134  10:30  Zergling x2  
  134  10:34  Drone x2  
  134  10:35  Drone  
  139  10:38  Adrenal Glands  
  139  10:39  Zergling x24  
  139  10:42  Baneling x8  
  151  10:44  Drone x4  
  151  10:46  Hatchery  
  154  10:52  Hatchery  
  154  10:53  Zergling x4  
  154  10:54  Zergling x6  
  158  10:59  Drone x2  
  158  11:00  Drone  
  158  11:01  Zergling x2  
  158  11:02  Zergling x4  
  158  11:03  Ultralisk Cavern, Baneling x5  
  163  11:07  Zergling x20  
  156  11:14  Drone x4  
  156  11:16  Zergling x4  
  151  11:20  Drone x2  
  151  11:21  Drone  
  151  11:26  Drone x2  
  151  11:27  Spine Crawler  
  151  11:28  Spore Crawler  
  151  11:29  Drone x2  
  151  11:31  Drone x2  
  151  11:32  Drone x5  
  158  11:37  Drone  
  153  11:40  Zerg Melee Weapons Level 3  
  153  11:41  Drone  
  153  11:42  Drone x4  
  153  11:46  Baneling x4  
  149  11:53  Drone x4  
  146  11:55  Drone x8  
  146  11:58  Chitinous Plating  
  146  11:59  Ultralisk  
  146  12:00  Ultralisk  
  166  12:01  Zergling x12  
  171  12:08  Zergling x4  
  171  12:09  Zergling x10, Spine Crawler  
  171  12:10  Spine Crawler  
  171  12:23  Ultralisk  
  171  12:24  Zergling x26  
  171  12:26  Overlord  
  171  12:28  Drone x3  
  171  12:29  Baneling x3  
  193  12:30  Baneling x4  
  193  12:35  Baneling x4  
  193  12:36  Zergling x10  
  198  12:39  Spine Crawler  
  198  12:40  Spine Crawler  
  198  12:41  Spine Crawler x2  
  198  12:42  Spine Crawler  
  193  12:47  Baneling x2  
  193  12:49  Zergling x28  
  193  12:55  Zergling x8, Ultralisk  
  192  12:58  Drone  
  192  12:59  Drone x5  
  192  13:00  Drone  
  199  13:08  Baneling x8  
  185  13:23  Zergling x44, Ultralisk  
  180  13:28  Zergling x24  
  189  13:36  Ultralisk  
  189  13:37  Zergling x10  
  198  13:42  Zergling x4  
  200  14:01  Zergling x14  
  200  14:02  Zergling x30  
  198  14:06  Zergling x28  
  198  14:08  Zergling x4  
  194  14:12  Zergling x2, Ultralisk  
  197  14:18  Zergling x4  
  197  14:20  Baneling  
  197  14:21  Baneling x19  
  199  14:38  Baneling x10  
  199  14:46  Hatchery, Spine Crawler  
  199  14:50  Spine Crawler  
  173  14:53  Zergling x42  
  173  14:56  Zergling x2  
  173  14:57  Zergling x30  
  195  15:02  Zergling x2  
  195  15:04  Zergling x6  
  197  15:23  Zergling x6  
  185  15:29  Zergling x32  
  185  15:31  Baneling x19  
  185  15:33  Extractor  
  198  15:35  Extractor  
  198  15:36  Extractor  
  198  15:38  Pathogen Glands  
  198  15:40  Zergling x22  
  198  15:41  Zergling x4, Extractor  
  198  15:46  Zergling x2  
  199  15:59  Nydus Network  
  199  16:00  Overseer x2  
  199  16:01  Nydus Network  
  199  16:02  Nydus Network  
  195  16:05  Zergling x8  
  195  16:11  Drone x4  
  198  16:16  Anabolic Synthesis  
  200  16:20  Overseer x3  
  200  16:42  Extractor  
  200  16:43  Extractor  
  198  16:51  Overlord x5  
  198  16:54  Overlord  
  191  17:04  Overlord  
  191  17:07  Zergling x38  
  170  17:08  Zergling x2  
  170  17:09  Zergling x6  
  170  17:10  Zergling x2  
  170  17:11  Zergling x54  
  194  17:17  Overlord x2  
  194  17:18  Overseer x2  
  194  17:19  Overseer x4  
  194  17:21  Zergling x4, Ultralisk x2  
  194  17:22  Zergling x2  
  196  17:23  Zergling x6  
  196  17:24  Zergling x6  
  196  17:25  Zergling x4  
  196  17:26  Zergling x4  
  183  17:47  Zergling x46  
  183  17:49  Zergling x2  
  169  17:53  Ultralisk x3  
  169  17:54  Zergling x16  
  169  17:56  Zergling x8  
  196  18:00  Baneling  
  196  18:01  Baneling x11  
  196  18:02  Nydus Canal x2  
  196  18:03  Nydus Canal  
  196  18:04  Zergling x8  
  200  18:05  Overlord x2  
  200  18:06  Overlord x2  
  200  18:08  Baneling x5  
  200  18:13  Baneling x8  
  200  18:16  Overlord x2  
  194  18:27  Nydus Canal  
  194  18:28  Nydus Canal x2  
  194  18:29  Zergling x14  
  194  18:30  Zergling x28  
  194  18:32  Ultralisk  
  194  18:33  Zergling x2  
  184  18:41  Zergling x32  
  184  18:44  Zergling x4  
  199  18:49  Nydus Canal x2  
  199  18:50  Nydus Canal  
  199  18:51  Zergling x2  
  199  18:55  Zergling x2  
  200  18:56  Zergling x2  
  180  19:08  Zergling x38  
  180  19:09  Zergling x16  
  190  19:12  Zergling x8  
  190  19:15  Zergling x4  
  196  19:17  Queen  
  196  19:19  Zergling x4  
  196  19:22  Baneling x12  
  198  19:34  Zergling x2  
  198  19:35  Baneling x9  
  199  19:38  Baneling x3  
  199  19:48  Hatchery  
  199  19:52  Zergling x50  
  192  19:53  Zergling x8  
  192  19:54  Zergling x12  
  192  19:55  Zergling x4  
  192  19:56  Nydus Canal x2  
  192  19:57  Nydus Canal  
  186  20:00  Zergling x6, Ultralisk x2  
  186  20:03  Zergling x8  
  186  20:04  Zergling x2  
  186  20:05  Zergling x4  
  186  20:10  Zergling x8  
  186  20:11  Nydus Canal  
  186  20:13  Zergling x6, Ultralisk x2  
  197  20:15  Zergling x2  
  197  20:16  Zergling x2  
  197  20:17  Baneling x7  
  197  20:20  Nydus Canal  
  199  20:24  Zergling x2  
  199  20:25  Zergling x8  
  199  20:36  Baneling x5  
  199  20:37  Overlord  
  166  20:50  Zergling x24  
  166  20:51  Zergling x34  
  166  20:54  Ultralisk  
  166  20:55  Zergling x2, Ultralisk x4  
  189  20:57  Zergling x2  
  189  21:02  Viper x2, Drone x5  
  193  21:07  Zergling x6  
  196  21:11  Zergling x10  
  200  21:22  Zergling x6  
  188  21:26  Zergling x2  
  188  21:27  Zergling x34  
  188  21:30  Zergling x2  
  188  21:31  Zergling x4  
  182  21:32  Zergling x2  
  182  21:37  Zergling x2, Ultralisk  
  186  21:41  Nydus Canal  
  186  21:42  Nydus Canal x2  
  186  21:44  Drone x2  
  186  21:45  Drone  
  186  21:46  Zergling x6  
  192  21:50  Zergling x10  
  197  21:56  Overseer  
  197  21:57  Zergling x2  
  197  21:58  Zergling x2  
  199  22:02  Baneling  
  199  22:03  Baneling x13  
Show
View Real Time Build Order
Export as new Build Order

SuperNova Terran 

Build Orders: Reaper Expand, Mech 

Get SALT Encoding   

  12  0:00  SCV  
  13  0:12  SCV  
  14  0:17  Supply Depot  
  14  0:24  SCV  
  15  0:38  SCV  
  15  0:39  Barracks  
  16  0:43  Refinery  
  16  0:50  SCV  
  17  1:02  SCV  
  18  1:15  SCV  
  19  1:26  Reaper  
  19  1:27  Orbital Command  
  20  1:40  Command Center  
  20  1:50  Supply Depot  
  20  1:52  SCV  
  21  1:58  Marine  
  22  2:04  Factory  
  22  2:08  SCV  
  22  2:15  Refinery  
  22  2:21  Bunker  
  22  2:22  Barracks Reactor  
  22  2:26  SCV  
  23  2:40  SCV, Ghost Academy  
  24  2:47  Factory Tech Lab  
  24  2:53  Orbital Command  
  24  2:58  Marine x2  
  25  3:02  SCV  
  27  3:14  SCV  
  27  3:19  SCV  
  29  3:22  Hellion x2  
  35  3:32  Supply Depot  
  35  3:35  SCV x2  
  37  3:45  Armory  
  37  3:50  Hellion x2  
  37  3:54  Unknown  
  43  3:59  SCV  
  43  4:00  SCV  
  45  4:08  Supply Depot  
  45  4:11  SCV  
  45  4:15  Hellion x2  
  50  4:18  SCV  
  50  4:23  SCV  
  50  4:24  Unknown  
  52  4:30  SCV, Supply Depot  
  55  4:36  SCV  
  56  4:39  Hellion x2  
  60  4:46  SCV  
  60  4:50  SCV  
  60  4:51  Terran Vehicle Weapons Level 1  
  62  4:54  Unknown  
  62  4:58  Command Center  
  61  5:06  Hellion  
  58  5:07  Hellion  
  58  5:16  SCV x2  
  56  5:28  SCV x2  
  56  5:33  Refinery  
  56  5:35  Refinery  
  58  5:38  Hellion x2  
  58  5:40  SCV x2  
  60  5:46  Siege Tank  
  60  5:48  Supply Depot, Factory  
  64  5:50  Factory  
  64  5:52  SCV, Barracks Tech Lab  
  64  5:53  SCV  
  65  6:05  SCV x2  
  65  6:11  Orbital Command  
  67  6:12  Starport  
  67  6:13  Command Center  
  67  6:18  Siege Tank  
  67  6:20  SCV  
  67  6:21  SCV  
  72  6:32  SCV  
  71  6:33  SCV  
  71  6:34  Hellion  
  71  6:35  Hellion  
  71  6:37  Orbital Command  
  77  6:42  Siege Tank  
  77  6:44  SCV  
  77  6:46  Terran Vehicle Weapons Level 2  
  80  6:48  Supply Depot  
  80  6:50  Medivac, Engineering Bay  
  80  6:52  SCV  
  83  6:58  SCV  
  83  7:01  Hellion x2  
  88  7:04  SCV x2  
  90  7:10  SCV  
  90  7:14  Refinery, Thor  
  97  7:16  SCV  
  97  7:19  Refinery  
  97  7:22  SCV  
  99  7:25  Thor  
  99  7:29  Starport Reactor  
  105  7:30  SCV x2  
  105  7:31  Hellion  
  105  7:34  Missile Turret  
  109  7:41  SCV  
  111  7:44  SCV  
  107  7:52  SCV  
  107  7:57  Siege Tank  
  111  7:59  SCV, Hellion  
  111  8:00  Missile Turret  
  111  8:04  SCV  
  101  8:05  SCV  
  101  8:08  Factory, Siege Tank  
  101  8:10  Planetary Fortress  
  101  8:11  SCV  
  104  8:14  Missile Turret  
  104  8:15  Hellion  
  104  8:16  SCV  
  104  8:18  SCV  
  108  8:21  Barracks Reactor, Supply Depot  
  108  8:24  Factory  
  108  8:27  SCV  
  109  8:28  SCV  
  109  8:30  SCV  
  109  8:33  Armory  
  111  8:36  Refinery x2  
  111  8:37  Hellion, Siege Tank  
  116  8:43  SCV x2  
  116  8:45  Supply Depot  
  116  8:48  Siege Tank  
  116  8:50  Hellion  
  104  8:56  Thor x2  
  104  8:57  SCV  
  104  8:58  Hellion  
  104  8:59  SCV x3  
  106  9:09  SCV, Siege Tank  
  110  9:11  SCV x3  
  110  9:14  Hellion  
  110  9:16  Infernal Pre-Igniter  
  115  9:17  Smart Servos  
  115  9:19  Factory Tech Lab  
  115  9:21  SCV  
  115  9:23  SCV x3  
  119  9:29  Hellion x2  
  123  9:33  SCV  
  123  9:35  Terran Vehicle Weapons Level 3, Supply Depot x2  
  124  9:45  SCV x4, Supply Depot, Terran Vehicle And Ship Armor Level 1, Siege Tank  
  130  9:46  Supply Depot, Sensor Tower  
  130  9:52  Siege Tank  
  134  9:56  Siege Tank  
  134  9:57  SCV x3  
  134  9:58  SCV  
  117  10:00  Hellion  
  117  10:01  Hellion x2  
  117  10:03  Hellion  
  125  10:08  Supply Depot  
  125  10:09  SCV x3  
  125  10:10  SCV  
  125  10:11  Supply Depot  
  129  10:16  Missile Turret  
  129  10:17  Siege Tank  
  129  10:18  Missile Turret  
  123  10:21  SCV x2  
  123  10:23  Hellion  
  123  10:24  Hellion  
  123  10:25  SCV  
  123  10:27  Hellion x2  
  123  10:30  SCV  
  123  10:35  Thor  
  130  10:37  SCV  
  130  10:41  Refinery  
  131  10:43  SCV x3  
  131  10:47  Missile Turret  
  134  10:52  SCV  
  134  10:54  Missile Turret, Thor  
  143  10:57  Hellion  
  143  10:58  Hellion x5  
  143  11:01  Viking  
  143  11:02  Viking  
  143  11:03  Hellion  
  149  11:06  Siege Tank  
  149  11:10  SCV  
  153  11:13  Hellion  
  153  11:15  SCV x2, Hellion  
  153  11:16  SCV  
  153  11:18  Siege Tank  
  163  11:22  Supply Depot  
  163  11:23  Sensor Tower  
  163  11:28  SCV  
  164  11:34  Supply Depot  
  164  11:35  Hellion  
  164  11:37  Thor  
  164  11:38  Thor  
  172  11:43  Viking  
  172  11:44  Viking, Hellion x2  
  180  11:50  Terran Vehicle And Ship Armor Level 2  
  180  11:51  Hellion  
  180  11:52  Hellion  
  170  12:01  Command Center  
  170  12:06  Factory x2  
  170  12:08  Factory  
  170  12:10  Hellion x2  
  170  12:13  Viking  
  178  12:15  Hellion  
  178  12:18  Viking  
  178  12:20  Siege Tank  
  178  12:22  Hellion, Siege Tank  
  180  12:23  Siege Tank  
  183  12:33  Missile Turret  
  183  12:38  Hellion  
  183  12:44  Hellion  
  187  12:46  Personal Cloaking  
  187  12:49  Hellion  
  187  12:50  Hellion  
  187  12:53  Viking, Supply Depot, Factory Reactor, Factory Tech Lab x2  
  187  12:55  Viking, Siege Tank x3  
  194  13:01  Hellion  
  196  13:06  Refinery  
  196  13:08  Missile Turret  
  196  13:09  Refinery  
  196  13:10  Missile Turret x2  
  200  13:13  Hellion x2  
  179  13:28  Hellion, Missile Turret  
  179  13:29  Hellion x2, Missile Turret  
  181  13:35  Barracks  
  181  13:37  Supply Depot  
  181  13:38  Hellion, Siege Tank  
  185  13:42  Command Center  
  185  13:45  Siege Tank  
  185  13:47  Viking x2  
  194  13:48  Hellion  
  194  13:49  Hellion  
  196  13:59  Missile Turret  
  196  14:00  Sensor Tower  
  189  14:07  Hellion  
  174  14:10  Siege Tank  
  174  14:11  Hellion  
  174  14:13  Siege Tank  
  174  14:15  Hellion  
  174  14:16  Hellion x3  
  187  14:18  Hellion  
  187  14:21  Planetary Fortress  
  189  14:24  Hellion  
  191  14:35  Command Center  
  191  14:37  Hellion x6  
  191  14:39  Hellion x3  
  191  14:41  Hellion  
  199  14:47  Terran Vehicle And Ship Armor Level 3  
  199  14:55  Siege Tank  
  199  14:56  Hellion  
  195  15:00  Hellion  
  195  15:03  Hellion  
  197  15:09  Command Center  
  197  15:10  Command Center  
  197  15:11  Missile Turret  
  197  15:14  Missile Turret, Starport  
  195  15:20  Terran Ship Weapons Level 1  
  195  15:21  Hellion x8  
  195  15:33  Siege Tank x2  
  195  15:34  Hellion, Siege Tank  
  194  15:43  Missile Turret  
  194  15:44  Missile Turret  
  194  15:46  Sensor Tower  
  194  15:53  Command Center  
  194  15:54  Command Center  
  194  15:55  Starport Reactor  
  194  15:57  Starport Tech Lab  
  194  16:02  Hellion  
  194  16:06  Hellion  
  186  16:13  Viking x2  
  188  16:26  Missile Turret, Hi-Sec Auto Tracking  
  188  16:27  Missile Turret  
  188  16:29  Orbital Command  
  188  16:30  Missile Turret x2  
  188  16:32  Hellion, Factory Tech Lab  
  190  16:39  Hellion  
  190  16:42  Raven  
  190  16:46  Refinery  
  192  16:47  Refinery  
  192  16:50  Missile Turret  
  192  16:51  Missile Turret  
  192  16:55  Missile Turret  
  192  17:03  Thor  
  192  17:04  Thor  
  192  17:07  Hellion  
  154  17:09  Hellion  
  154  17:12  Hellion  
  154  17:13  Hellion, Siege Tank  
  151  17:18  Hellion  
  151  17:19  Hellion  
  153  17:23  Neosteel Armor  
  153  17:29  Hellion, Siege Tank  
  156  17:35  Siege Tank  
  156  17:36  Hellion  
  161  17:39  Hellion  
  160  17:46  Hellion, Siege Tank  
  160  17:47  Hellion  
  160  17:50  Hellion  
  160  17:51  Hellion  
  144  17:59  Hellion, Siege Tank  
  149  18:07  Siege Tank  
  149  18:08  Hellion  
  154  18:14  Siege Tank  
  154  18:18  Orbital Command  
  157  18:21  Hellion  
  156  18:30  Siege Tank  
  156  18:31  Hellion  
  156  18:33  Hellion  
  136  18:36  Orbital Command  
  136  18:40  Hellion  
  131  18:45  Siege Tank  
  123  18:54  Orbital Command  
  119  18:57  Orbital Command  
  119  18:59  Hellion  
  117  19:05  Hellion  
  111  19:17  Hellion x4  
  111  19:18  Siege Tank  
  111  19:23  Siege Tank  
  117  19:26  Starport Tech Lab  
  117  19:30  Hellion x8  
  117  19:31  Siege Tank  
  117  19:32  Hellion  
  117  19:34  Terran Ship Weapons Level 2  
  117  19:35  SCV  
  123  19:48  Hellion, Siege Tank  
  123  19:52  Siege Tank  
  131  19:53  Hellion  
  125  20:05  Hellion, Siege Tank  
  125  20:06  Hellion x5  
  122  20:10  Hellion  
  122  20:11  Liberator  
  122  20:12  Liberator  
  128  20:16  Liberator  
  128  20:18  Orbital Command  
  131  20:26  SCV  
  131  20:27  SCV x2  
  134  20:33  SCV  
  135  20:40  Hellion  
  137  20:45  SCV, Siege Tank  
  137  20:46  Hellion  
  140  20:50  Hellion  
  140  20:53  SCV  
  140  20:54  Liberator  
  140  20:56  SCV x2  
  120  20:57  SCV x2  
  120  21:00  Hellion  
  120  21:01  SCV  
  125  21:06  SCV, Hellion  
  125  21:08  SCV  
  125  21:10  SCV x2  
  131  21:12  SCV  
  131  21:13  SCV  
  121  21:18  Siege Tank  
  121  21:24  Siege Tank  
  111  21:27  Hellion  
  90  21:33  Hellion  
  89  21:43  Siege Tank  
  92  21:49  Siege Tank  
  95  21:57  Refinery  
  101  22:01  Hellion  
Tags
 
Add a new tag
Caveats
  • Supply blocks, unpowered buildings, or Contaminate may cause inaccurate times.
  • Supply counts are checked every 10 seconds.